Cogmind - Beta 16 *** ADVENTURER MODE // 2025.10.21 @ 19:14:15 Player: zoefiri Result: Destroyed by Y-45 Defender with Beam Rifle Performance ------------- Evolutions (2) 1000 Regions Visited (4) 800 Robots Destroyed (37) 185 Value Destroyed (1094) 1094 Prototype IDs (6) 120 Alien Tech Used (0) 0 Bonus (-38) -38 TOTAL SCORE: 3161 Bonus ------- Follower Combat Kills 107 Friendly Fire -145 Cogmind --------- Core Integrity 0/550 Matter 300/300 Energy 98/100 System Corruption 5% Temperature Cool (36) Movement Core (50) Location -8/Storage Parts ------- > --- POWER (2) -------- (None) > --- PROPULSION (3) --- (None) > --- UTILITY (4) ------ (None) > --- WEAPON (2) ------- (None) > --- INVENTORY (5) ---- Flight Unit Improved Heat Sink Small Storage Unit Peak State ------------ > --- POWER ------------ Light Nuclear Core Light Nuclear Core > --- PROPULSION ------- Improved Hover Unit > --- UTILITY ---------- Improved Heat Sink Visual Processing Unit Drone Bay Drone Bay > --- WEAPON ----------- Heavy Assault Rifle > --- INVENTORY -------- Improved Ion Engine Flight Unit Improved Heat Sink Small Storage Unit Advanced EMP Blaster [Rating: 26] Favorites ----------- Power Light Ion Engine Engine Light Ion Engine Power Core Light Nuclear Core Propulsion Improved Hover Unit Treads Light Treads Leg Aluminum Leg Hover Unit Improved Hover Unit Flight Unit Flight Unit Utility Visual Processing Unit Device Improved Heat Sink Storage Small Storage Unit Processor Visual Processing Unit Protection Light Armor Plating Weapon Assault Rifle Energy Gun Improved EM Shotgun Ballistic Gun Assault Rifle Launcher Advanced EMP Blaster Slashing Weapon Scythe Build | -11 -10 -9 -8 -8 ------- Run | Yrd Mat Mat Mat Sto Slots Evolved 4 | . . 2 2 . Power 1 | . . . 1 . Propulsion 1 | . . . 1 . Utility 2 | . . 2 . . Weapon . | . . . . . Parts Attached 41 | 7 4 7 8 15 Power 9 | 1 . 3 2 3 Engine 7 | 1 . 3 1 2 Core 2 | . . . 1 1 Reactor . | . . . . . Propulsion 8 | 2 . 2 2 2 Treads 1 | . . . . 1 Leg 3 | 2 . . . 1 Wheel . | . . . . . Hover 2 | . . . 2 . Flight 2 | . . 2 . . Utility 9 | 1 2 . 2 4 Device 5 | . 1 . 1 3 Storage 1 | 1 . . . . Processor 1 | . 1 . . . Hackware . | . . . . . Protection 2 | . . . 1 1 Artifact . | . . . . . Weapon 15 | 3 2 2 2 6 Energy Gun 6 | 1 . 2 . 3 Energy Cannon . | . . . . . Ballistic Gun 7 | 2 2 . 2 1 Ballistic Cannon . | . . . . . Launcher 1 | . . . . 1 Special Weapon . | . . . . . Impact Weapon . | . . . . . Slashing Weapon 1 | . . . . 1 Piercing Weapon . | . . . . . Special Melee Weapon . | . . . . . Unidentified Prototypes 6 | . . 4 1 1 Parts Lost 11 | . . . 1 10 Power 4 | . . . 1 3 Propulsion 2 | . . . . 2 Utility 3 | . . . . 3 Weapon 2 | . . . . 2 Highest Loss Streak 5 | . . . 1 5 To Critical Strikes . | . . . . . Average Backups 4 | 2 4 4 4 4 Power . | . 1 . . 1 Propulsion . | 1 1 . 1 1 Utility 1 | . 1 2 2 2 Weapon . | 1 1 . 1 . Tool/Special . | . . . . . Unused Backups 4 | 1 . 1 1 1 Power . | . . . . . Propulsion 3 | 1 . 1 . 1 Utility 1 | . . . 1 . Weapon . | . . . . . Tool/Special . | . . . . . Average Slot Usage (%) 51 | . 34 32 53 60 Engine 6 | . . 1 5 8 Core 3 | . . . 3 5 Treads 2 | . . . . 3 Leg 2 | . . . . 4 Hover 4 | . . . 8 5 Flight 1 | . . 2 10 . Device 9 | . . . 3 15 Processor 9 | . 6 11 9 8 Protection 2 | . . . 6 2 Energy Gun 1 | . . 3 3 1 Ballistic Gun 9 | . 26 14 6 4 Peak Build Rating 26 | 4 5 8 16 26 Average Rating 11 | 1 2 4 11 15 On Entrance 5 | . 1 4 8 16 Avg Prop Armor Cover (%) 17 | . . . . 17 Naked Turns 3 | . . . . 3 Heaviest Build 27 | 7 4 6 13 27 Greatest Support 20 | 20 3 10 14 14 Greatest Overweight (x) 4 | 2 1 1 1 4 Average Overweight (x) . | . . . . 1 Largest Inventory Capacity 8 | 8 5 5 5 5 Average Capacity 5 | 5 5 5 5 5 Most Carried 5 | 5 5 5 5 5 Average Carried 4 | 2 4 4 4 4 Final Capacity 5 | 5 5 5 5 5 Final Carried 5 | 5 5 5 5 3 Class Distribution -------------------- 59% | Scavenger-Mutant 40% | Mutant Dominant Class ---------------- Mutant | -10/Materials Mutant | -9/Materials Scavenger-Mutant | -8/Materials Scavenger-Mutant | -8/Storage Resources | -11 -10 -9 -8 -8 ----------- Run | Yrd Mat Mat Mat Sto Matter Collected 1149 | 189 202 315 96 347 Remotely . | . . . . . Salvage Created 1591 | . 202 460 200 729 Parts 101 | . 10 39 14 38 Haulers Intercepted 3 | . 1 2 . . Recyclers Shooed 1 | . . . . 1 Parts Field Recycled . | . . . . . Retrieved Matter . | . . . . . Parts Self-Destructed . | . . . . . Prevented . | . . . . . Parts Restored . | . . . . . Kills | -11 -10 -9 -8 -8 ------- Run | Yrd Mat Mat Mat Sto Combat Hostiles Destroyed 26 | . 3 9 3 11 Guns 25 | . 3 9 3 10 AOE 1 | . . . . 1 Classes Destroyed 10 | . 3 2 1 4 Worker 1 | . . . . 1 Hauler 3 | . 1 2 . . Recycler 2 | . . . . 2 Mechanic 1 | . . . . 1 Watcher 4 | . 1 2 1 . Swarmer 4 | . . 4 . . Grunt 12 | . 3 3 1 5 Protector 1 | . . . . 1 Sentry 7 | . . 2 1 4 Hunter 2 | . . . 1 1 Best Kill Streak 6 | . 2 6 2 5 Combat Bots Only 5 | . 2 5 2 4 Max Kills in Single Turn 2 | . 1 1 1 2 Gunslinging . | . . . . . Exploded 1 | . . . . 1 Melee . | . . . . . Uniques/NPCs Destroyed . | . . . . . Combat | -11 -10 -9 -8 -8 -------- Run | Yrd Mat Mat Mat Sto Hostile Shots Fired 243 | . 14 33 19 177 Missed 81 | . 6 11 5 59 Hits 162 | . 8 22 14 118 Melee 6 | . . . . 6 Projectile 156 | . 8 22 14 112 Critical Strikes 10 | . . . 1 9 Damage Taken 1939 | . 74 213 166 1486 Core 663 | . 22 85 46 510 Absorbed by Shields . | . . . . . Ignored by Resistances 561 | . 25 64 47 425 Core Remaining (%) 89 | 100 91 78 . . Volleys Fired 141 | . 15 37 15 74 Largest 2 | . 2 2 1 2 Hottest 126 | . 40 45 45 126 Shots Fired 199 | . 30 62 15 92 Gun 197 | . 30 62 15 90 Cannon . | . . . . . Launcher 2 | . . . . 2 Special . | . . . . . Kinetic 150 | . 30 50 7 63 Thermal 27 | . . . . 27 Explosive . | . . . . . Electromagnetic 22 | . . 12 8 2 Robot Hit Streak 29 | . 12 26 16 29 Robot Miss Streak 2 | . 2 2 2 2 Penetration Max . | . . . . . Secondary Targets . | . . . . . Shots Hit Robots 162 | . 21 53 15 73 Core Hits 73 | . 8 20 10 35 Critical Kills . | . . . . . Critical Parts Destroyed . | . . . . . Critical Strikes 2 | . . . . 2 Burn 2 | . . . . 2 Melee Attacks . | . . . . . Impact . | . . . . . Slashing . | . . . . . Piercing . | . . . . . Sneak Attacks . | . . . . . Combat Hostiles . | . . . . . Follow-up Attacks . | . . . . . Damage Inflicted 2700 | . 281 711 235 1473 Guns 2341 | . 281 711 235 1114 Cannons . | . . . . . Explosions 339 | . . . . 339 Melee . | . . . . . Ramming 20 | . . . . 20 Kinetic 1660 | . 281 537 107 735 Thermal 524 | . . . . 524 Explosive . | . . . . . Electromagnetic 496 | . . 174 128 194 Impact . | . . . . . Slashing . | . . . . . Piercing . | . . . . . Highest Corruption 5 | . . . . 5 Average Corruption 3 | . . . . 3 Corruption Purged . | . . . . . Corruption Blocked . | . . . . . Effects 14 | . . . . 14 Message Errors 6 | . . . . 6 Matter Fused 2 | . . . . 2 Heat Flow Errors 2 | . . . . 2 Energy Discharges 1 | . . . . 1 Parts Fused 1 | . . . . 1 Data Loss (minor) 2 | . . . . 2 Overload Shots . | . . . . . Overflow Damage . | . . . . . Projectiles . | . . . . . Explosions . | . . . . . Melee . | . . . . . Knockbacks . | . . . . . Impact . | . . . . . Kinetic . | . . . . . Secondary . | . . . . . Self-Inflicted Damage 31 | . . . . 31 Shots 2 | . . . . 2 Rammed 6 | . . . . 6 Targets Rammed 6 | . . . . 6 Kicked . | . . . . . Crushed . | . . . . . Highest Temperature 361 | . . 361 17 207 Average Temperature 98 | . . 167 7 92 Received Heat Transfer 918 | . 54 63 81 720 Effects 2 | . . 2 . . Energy Bleed 1 | . . 1 . . Matter Decay 1 | . . 1 . . Siege Activations . | . . . . . Martial Activations . | . . . . . Shielding Activations . | . . . . . Robots Disrupted . | . . . . . Combat Hostiles . | . . . . . Robots Corrupted . | . . . . . Combat Hostiles . | . . . . . Parts Fried 3 | . . 2 1 . Impact Corruptions . | . . . . . Robots Melted . | . . . . . Combat Hostiles . | . . . . . Parts Melted 2 | . . . . 2 Heat Transferred 1224 | . . . . 1224 Parts Sabotaged . | . . . . . Parts Stolen . | . . . . . Parts Stripped . | . . . . . Power Chain Reactions 2 | . . . . 2 Alert | -11 -10 -9 -8 -8 ------- Run | Yrd Mat Mat Mat Sto Maximum Alert Level . | . . . . . Low Security (%) 100 | 100 100 100 100 100 Level 1 . | . . . . . Level 2 . | . . . . . Level 3 . | . . . . . Level 4 . | . . . . . Level 5 . | . . . . . High Security . | . . . . . Max Security . | . . . . . Peak Influence 159 | . 50 159 112 110 Initial 57 | . . . 57 28 Average 31 | . 18 45 88 25 Influence Increases 973 | . 94 283 112 484 Destroy 0b10 Robot/C 560 | . 60 180 60 260 Destroy 0b10 Robot/NC 60 | . 10 20 5 25 Destroy Leader 154 | . 14 38 32 70 Allied During Kill 4 | . . . . 4 Successful Hack 28 | . 10 15 . 3 Destroy Structure 17 | . . . . 17 Partial Spotted 120 | . . 30 15 75 Lose Combat Pursuer 30 | . . . . 30 Influence Decreases 885 | . 94 124 192 475 Entered New Map 153 | . . . 102 51 Time Decay 602 | . 94 124 80 304 Lost Part 90 | . . . 10 80 Lost Ally 40 | . . . . 40 Squads Dispatched 4 | . . . 1 3 Investigation . | . . . . . Extermination . | . . . . . Reinforcement 1 | . . . . 1 Assault 2 | . . . . 2 Garrison 1 | . . . 1 . Intercept . | . . . . . Searches Triggered . | . . . . . Construction Impeded . | . . . . . Haulers Reinforced . | . . . . . Active Scanning Responses . | . . . . . Cargo Convoy Interrupts . | . . . . . Stealth | -11 -10 -9 -8 -8 --------- Run | Yrd Mat Mat Mat Sto Distress Signals 5 | . . . 1 4 Communications Jammed . | . . . . . Distress Signals . | . . . . . Times Spotted 63 | . 4 13 7 39 Peak Tracking Total 11 | . 2 3 3 11 Tactical Retreats 1 | . . . . 1 Traps | -11 -10 -9 -8 -8 ------- Run | Yrd Mat Mat Mat Sto Traps Triggered 2 | . . . . 2 Indirectly . | . . . . . Trap Hack Attempts . | . . . . . Triggered . | . . . . . Disarmed . | . . . . . Reprogrammed . | . . . . . Reused . | . . . . . Traps Extracted . | . . . . . Installed . | . . . . . Triggered . | . . . . . Machines | -11 -10 -9 -8 -8 ---------- Run | Yrd Mat Mat Mat Sto Machines Disabled . | . . . . . Max in Single Turn . | . . . . . Garrison Access 1 | . . . 1 . Machines Repaired . | . . . . . Machines Dismantled . | . . . . . Machines Sabotaged . | . . . . . Overloaded Fab Kills . | . . . . . Hacking | -11 -10 -9 -8 -8 --------- Run | Yrd Mat Mat Mat Sto Machines Accessed 11 | . 2 5 1 3 Terminals 9 | . 2 4 . 3 Fabricators . | . . . . . Repair Stations . | . . . . . Recycling Units . | . . . . . Scanalyzers 1 | . . 1 . . Garrison Access 1 | . . . 1 . Total Hacks 23 | . 10 9 1 3 Successful 12 | . 3 6 1 2 Failed 11 | . 7 3 . 1 Catastrophic 2 | . . 1 . 1 Database Lockouts . | . . . . . Manual 13 | . 6 5 . 2 Terminals 20 | . 10 7 . 3 Fabricators . | . . . . . Repair Stations . | . . . . . Recycling Units . | . . . . . Scanalyzers 2 | . . 2 . . Garrison Access 1 | . . . 1 . Terminal Hacks 9 | . 3 4 . 2 Robot Analysis 2 | . 2 . . . Open Door 2 | . . . . 2 Emergency Access Points 1 | . . 1 . . Surveillance Status 1 | . . 1 . . Patrol Status 2 | . . 2 . . Investigation Status 1 | . 1 . . . Fabricator Hacks . | . . . . . Repair Station Hacks . | . . . . . Recycling Unit Hacks . | . . . . . Scanalyzer 2 | . . 2 . . Retrieve Study 2 | . . 2 . . Garrison Access Hacks 1 | . . . 1 . Seal Access 1 | . . . 1 . Unauthorized Hacks . | . . . . . Terminals . | . . . . . Fabricators . | . . . . . Repair Stations . | . . . . . Recycling Units . | . . . . . Scanalyzers . | . . . . . Garrison Access . | . . . . . Data Cores Recovered . | . . . . . Used . | . . . . . Hacking Detections 6 | . 2 3 . 1 Full Trace Events . | . . . . . Feedback Events . | . . . . . Feedback Blocked . | . . . . . Robot Schematics Acquired . | . . . . . Robots Built . | . . . . . Authchips . | . . . . . Time . | . . . . . Total Robot Build Rating . | . . . . . Part Schematics Acquired . | . . . . . Parts Built . | . . . . . Authchips . | . . . . . Time . | . . . . . Total Part Build Rating . | . . . . . Part Studies Acquired 2 | . . 2 . . Parts Repaired . | . . . . . Time . | . . . . . Parts Recycled . | . . . . . Recycled Matter . | . . . . . Retrieved Matter . | . . . . . Retrieved Components . | . . . . . Parts Scanalyzed . | . . . . . Part Schematics Acquired . | . . . . . Parts Damaged . | . . . . . Bothacking | -11 -10 -9 -8 -8 ------------ Run | Yrd Mat Mat Mat Sto Used RIF Installer . | . . . . . Robots Hacked . | . . . . . Non-combat . | . . . . . Combat . | . . . . . Robot Hacks Applied . | . . . . . Relay Couplers Released . | . . . . . Fabnet Peak Effective % . | . . . . . Robots Rewired . | . . . . . Allies Hacked . | . . . . . Hacks Repelled . | . . . . . Allies | -11 -10 -9 -8 -8 -------- Run | Yrd Mat Mat Mat Sto Total Allies 2 | . . . . 2 Largest Group 2 | . . . . 2 Highest-Rated Group 62 | . . . . 62 Highest-Rated Ally 31 | . . . . 31 Total Orders . | . . . . . Ally Attacks 18 | . . . . 18 Total Damage 342 | . . . . 342 Kills 3 | . . . . 3 Allies Corrupted . | . . . . . Allies Melted . | . . . . . Intel | -11 -10 -9 -8 -8 ------- Run | Yrd Mat Mat Mat Sto Active Infowar (turns) 1774 | . 122 318 170 1164 Optics 1774 | . 122 318 170 1164 Robot Analysis Total 2 | . 2 . . . Derelict Logs Recovered . | . . . . . Drone Launches . | . . . . . Drone Recoveries . | . . . . . Exploration | -11 -10 -9 -8 -8 ------------- Run | Yrd Mat Mat Mat Sto Turns Passed 2000 | 99 246 318 170 1167 Spaces Moved 1412 | 100 179 217 276 640 Core 743 | 94 179 160 . 310 Treads . | . . . . . Legs 34 | 6 . . . 28 Wheels . | . . . . . Hover 410 | . . . 108 302 Flight 225 | . . 57 168 . Fastest Speed 37 | 50 50 37 37 50 Average Speed 103 | 74 92 65 44 148 Slowest Speed 260 | 150 100 100 120 260 Overloaded Moves . | . . . . . Propulsion Burnouts . | . . . . . Robots Hopped . | . . . . . Potential Cave-ins . | . . . . . Cave-ins Triggered . | . . . . . Exploration Rate (%) 29 | 5 28 26 21 67 Regions Visited 4 Branch Regions 1 Pre-discovered Areas . | . . . . . Known Exits Taken . | . . . . . Unknown Exits Taken 4 | 1 1 1 1 . Scrap Searched . | . . . . . Spaces Dug . | . . . . . Terrain Destroyed 11 | . . . . 11 Melee . | . . . . . Projectile . | . . . . . AOE 11 | . . . . 11 Terrain Rammed . | . . . . . Walls Destroyed . | . . . . . Machines Disabled . | . . . . . Actions | -11 -10 -9 -8 -8 --------- Run | Yrd Mat Mat Mat Sto Total 1755 | 124 231 331 306 763 Wait 101 | 7 29 58 . 7 Move 1408 | 99 178 216 275 640 Hop . | . . . . . Pick Up 10 | 4 1 3 2 . Fast Attach 39 | 6 2 6 7 18 Attach 7 | 1 1 2 1 2 Detach 6 | 3 . 2 . 1 Swap 2 | . 2 . . . Drop 35 | 4 3 7 6 15 Fire 141 | . 15 37 15 74 Melee . | . . . . . Ram 6 | . . . . 6 Kick . | . . . . . Crush . | . . . . . Escape Stasis . | . . . . . Rewire . | . . . . . Trap . | . . . . . Miscellaneous . | . . . . . Route ------- -11/Scrapyard -10/Materials -9/Materials -8/Materials (discovered 2 exits: *Sto x2) -8/Storage History --------- Turn | Location | Event 4 | -11/Scrapyard | Discovered new exit (range 13) 100 | -11/Scrapyard | Entered Materials 314 | -10/Materials | Build established: Mutant 342 | -10/Materials | Discovered new exit (range 3) 346 | -10/Materials | Entered another Materials area 346 | -9/Materials | Evolved 2 slots: Utility x2 576 | -9/Materials | Discovered new exit (range 10) 664 | -9/Materials | Entered another Materials area 664 | -8/Materials | Evolved 2 slots: Power x1, Propulsion x1 708 | -8/Materials | Garrison activated, responded to threat 725 | -8/Materials | Discovered new exit (range 10) 786 | -8/Materials | Discovered new exit (range 10) 834 | -8/Materials | Entered Storage 1027 | -8/Storage | Build established: Scavenger-Mutant 1132 | -8/Storage | Lost 3 parts (1n1u1w) 1348 | -8/Storage | Core integrity fell below 50% 1354 | -8/Storage | Lost 5 parts (2p1n1u1w) 1857 | -8/Storage | Met a pair of Derelict thieves 1995 | -8/Storage | Core integrity fell below 20% 2001 | -8/Storage | Destroyed by Y-45 Defender with Beam Rifle Last Messages --------------- U-05 Engineer builds a Wall. K-01 Serf collects debris. W-25 Informer distress signal alerts nearby ally. U-05 Engineer lays Concrete. W-25 Informer distress signal alerts nearby ally. U-05 Engineer lays Concrete. A-02 Transporter destroyed. U-05 Engineer lays Concrete. U-05 Engineer builds a Wall. U-05 Engineer lays Concrete. U-05 Engineer builds a Wall. U-05 Engineer lays Concrete. Imp. Ion Engine severed. Visual Processing Unit destroyed. System corrupted by crushing effect (+1). Slammed into G-50 Soldier. Acquired 5 matter. Critical hit (Burn: +37). Map ----- +----------------------------------------------------+ | | | | | | | | | ??????????????#??????????????????????????????????? | | ###??????????T?#??##?????????????????????????????? | | ????????? #?????????????????????????????? | | ???????? #?????????????????????????????? | | ?????? ??????????????????????????????? | | ?#### """ ""????????????????????????????????? | | # + """ """???????????????????????????????? | | # # """ """ ""????????????????????????????? | | + + #?????????????????????????????? | | ####### # ! #?????????????????????????????? | | ??????# #?# #######??????##########?????????????? | | ??????# #???############?# #?????????????? | | ??????# #???## #?# #?########????? | | ??????# #???? = #?# #?#! ! !#????? | | ""????# #????# ### #?# ! =!#????? | | """ ### #????# """ """ ""# #?#!! #?"""" | | """ / #????# """ """ T"# #?# ### # | | ### #????# """ """ ""# #?###" "###T # | | ????# #????# ### #??#T #?# # | | ??????# #????# ! ##" ##### #?# # | | ??????# ##########+###+### ;;##!#+ "#####+#### + | | ??????# g *[%[lbg %@= %% [ # | | ??????# Y![[[=g * u%%!%^ ^ # | | ?????####+##+################/### *==[^ % "###### | | ?????# #?????????# % =]= [ T#????? | | ?????# #?????????# # = "#????? | | ?????# #?????????# """ # % ###### | | ?????# #?????????# """ # + | | ?????# #?????????# """ # ##]###/###### | | ?????# #?????????# ###### !!* #?? | | ?????# #?????????# ###### =! #?? | | ?????# #?????????# ##! !# #?? | | ?????# #?????????#####/####! !# """ """ #?? | | ?????##########?????????????# ## # """ """ #?? | | ????????????????????????????# ##! # """ """ #?? | | ????????????????????????????# ### ## #?? | | ????????????????????????????# # T# #?? | | ????????????????????????????# + ####### ####?? | | ????????????????????????????# #####??????##????? | | ????????????????????????????# #????????????????? | | ####????????????????????????# #????????????????? | | ? #????????????????????????# #????????????????? | | ?" #????##################### #????????????????? | | ?" ###### % #????????????????? | | ?" + % % #????????????????? | | ?" ###### % #########????????? | +----------------------------------------------------+ Best States ------------- Heat Dissipation 45 Energy Generation 23 Energy Capacity 220 Matter Stores 300 Matter Capacity 300 Sight Range 18 Terrain Scan Density 10 Armor Coverage 225 Resistance: KI 20 Resistance: TH 20 Resistance: EX 20 Resistance: EM 20 Resistance: I 20 Resistance: S 20 Resistance: P 20 Evasion (%) 62 Recoil Reduction 1 Offensive Hacking 10 Item Schematics ----------------- None Robot Schematics ------------------ None Fabricated ------------ Nothing Repaired ---------- Nothing Studied --------- Flight Unit | -9/Materials | Hacked Lgt. Ion Engine | -9/Materials | Hacked Alien Tech Used ----------------- None Achievements -------------- DATA ERROR: Steam Global Achievement% For Emergencies Only Item+ Organ Harvest Spot Them First There's More Where That Came From Throw Away The Key Challenges ------------ None Game ------ Seed GodInsulationObliterator Manual? 0 Play Time 00:35:41 Cumulative 33.3 hours Start 2025.10.21 @ 18:28:27 End 2025.10.21 @ 19:14:15 Sessions 1 Manual Loads 0 Difficulty Adventurer Special Mode None Game No. 42 Rogue 26 Adventurer 13 Explorer 3 Win Type - Total 1 Types 0/0/0/1/0/0/0/0/0/0 Lore% 10 Gallery% 32 Achievement% 18 Wizard Run 0 Options --------- Layout 1 ASCII 0 Keyboard 0 Movement Arrows Keybinds 0 Fullscreen 0 Font 28/ProggyBold Map View 50x43 Zoom Use 0% Tactical HUD 0 Map Filters NONE Filters NONE Steam 1 RUN: ec6b42c1-b7ee-4fae-b98b-e853e7992851